 Dungeon Crawl Stone Soup version 0.30-a0-341-g6827065 (webtiles) character file.

Game seed: 2259040712614738784

1239 Dorkslayer the Slasher (level 8, -8/61 HPs)
             Began as a Human Fighter on Nov 1, 2022.
             Killed by divine providence
             ... invoked by an orc priest
              (13 damage)
             ... on level 5 of the Dungeon.
             The game lasted 00:11:09 (4631 turns).

Dorkslayer the Slasher (Human Fighter)              Turns: 4631, Time: 00:11:09

Health: -8/61      AC: 11    Str: 17    XL:     8   Next: 78%
Magic:  8/8        EV:  7    Int:  9    God:
Gold:   259        SH:  5    Dex: 17    Spells: 7/7 levels left

rFire   + . .      SeeInvis .    a - +1 long sword
rCold   . . .      Faith    .    c - +0 buckler
rNeg    + . .      Spirit   .    r - +0 chain mail of Indemnity {rF+ rN+ Dex+3 Stlth-}
rPois   .          Reflect  .    (no helmet)
rElec   .          Harm     .    (no cloak)
rCorr   .          Rampage  .    (no gloves)
Will    .....                    s - +0 pair of boots
Stlth   ..........               (no amulet)
HPRegen 0.30/turn                (no ring)
MPRegen 0.11/turn                (no ring)

@: hasted, very quick
A: no striking features
a: no special abilities


You were on level 5 of the Dungeon.
You visited 1 branch of the dungeon, and saw 5 of its levels.
You also visited: Sewer.

You collected 259 gold pieces.

Inventory:

Hand Weapons
 a - a +1 long sword (weapon)
Missiles
 k - 3 boomerangs (quivered)
Armour
 c - a +0 buckler (worn)
 r - the +0 chain mail of Indemnity (worn) {rF+ rN+ Dex+3 Stlth-}
   (You found it on level 2 of the Dungeon)

   Dex:       It affects your dexterity (+3).
   rF:        It protects you from fire.
   rN:        It protects you from negative energy.
   Stlth:     It makes you less stealthy.
 s - a +0 pair of boots (worn)
 v - a +2 scale mail of cold resistance
Wands
 i - a wand of flame (21)
 t - a wand of paralysis (1)
 w - a wand of polymorph (13)
Scrolls
 b - a scroll of immolation {unknown}
 e - a scroll of summoning
 g - a scroll of enchant armour
 n - a scroll of magic mapping
 p - a scroll of butterflies {unknown}
 q - a scroll of silence {unknown}
 u - a scroll of noise {unknown}
 y - a scroll of brand weapon {unknown}
 A - a scroll of teleportation {unknown}
 B - a scroll of acquirement {unknown}
Potions
 d - 3 potions of might
 f - 2 potions of invisibility
 h - 4 potions of haste
 j - a potion of ambrosia {unknown}
 m - a potion of flight
 o - 2 potions of cancellation
 x - a potion of brilliance
 z - 2 potions of magic {unknown}


   Skills:
 + Level 4.6 Fighting
 + Level 6.2 Long Blades
 + Level 0.6 Throwing
 + Level 4.9 Armour
 + Level 1.4 Dodging
 + Level 1.5 Stealth
 + Level 4.2 Shields
 * Level 4.0 Evocations


You had 7 spell levels left.
You didn't know any spells.
Your spell library contained the following spells:

 Spells                   Type           Power      Damage    Failure   Level
 Ignite Poison            Fire/Tmut/Pois 0%         N/A       100%        3
 Kindle Blastsparks       Fire/Tloc/Air  0%         2d10      100%        3
 Manifold Assault         Tloc           0%         N/A       100%        4
 Freezing Cloud           Conj/Ice/Air   0%         6-21      100%        5
 Dispersal                Tloc           0%         N/A       100%        6
 Disjunction              Tloc           0%         N/A       100%        8


Dungeon Overview and Level Annotations

Branches:
Dungeon (5/15)              Sewer (visited)
 Temple: D:4-7

Altars:
Dithmenos
Qazlal
Wu Jian


Message History

Okay, then.
You feel sick.
Your hound closely misses something.
Something hits your hound.
Your hound is poisoned.
The orc priest invokes the aid of Beogh against you.
Something writhes in agony.
Your adder closely misses something.
Your hound bites something.
Your orc barely misses the orc priest.
You feel sick. Something hits your hound.
Your hound looks as sick as possible!
Your adder closely misses something.
Your hound misses something.
Your orc barely misses the orc priest.
Your orc hits the orc priest with a +0 mace.
You feel sick.
You feel sick.
You are no longer poisoned.
Your hound dies!
Your hound's corpse dissolves into shadows!
Something hits your adder.
Your adder is poisoned.
Something hits your adder.
Your adder looks even sicker.
An ogre comes into view. It is wielding a +0 giant club.
Something barely misses your adder.
Your adder closely misses the orc priest.
Aiming: Paralyse
Press: ? - help, Shift-Dir - straight line, f - ogre, p - orc priest
Aim: an ogre, wielding a +0 giant club (chance to affect: 59%)
The ogre suddenly stops moving!
Something barely misses your adder.
The orc priest hits your adder with a +0 club.
Your adder dies!
Your adder's corpse dissolves into shadows!
You feel yourself speed up. Something hits your orc.
Your orc is poisoned.
The orc priest hits your orc with a +0 club.
Your orc barely misses the orc priest.
Unknown command.
Your orc dissolves into shadows!
Something closely misses your orc. Something completely misses your orc.
The orc priest invokes the aid of Beogh against you.
Beogh smites you!
You die...

...... #.#.....#...#
.....##...#...#..###
# ..............[# #
#.######.o.#####....#
#
#........o........†##
#
#.#...#..#...#.....#
#
#......o.#hS.......#
#
#....#.#.#{#.#.....#
#
#.....@..#ooo......#
#
##...#...#)o....#.##
# #.O......)....##.#
#.#####.......##.# #.
.........#.##.#
........##.##.#
....####.##.##.# ####
#.......# ####.####


You could see an ogre (paralysed, ally target), an orc priest and 2 friendly
orcs.

Vanquished Creatures
  Grinder (D:3)
  Eustachio (D:4)
  A black bear (D:5)
  A centaur (D:4)
  A phantom (D:4)
  Blork the orc (D:4)
  A kobold brigand (Sewer)
  A hound (D:4)
  4 orc priests
  A jelly (D:4)
  2 iguanas (D:5)
  Ijyb (D:3)
  2 orc wizards (D:4)
  7 adders
  4 river rats (Sewer)
  A shadow imp (D:3)
  A worm (D:4)
  2 dart slugs
  20 orcs
  6 bats
  7 endoplasms
  2 giant cockroaches
  3 goblins
  3 hobgoblins
  2 jackals (D:1)
  2 quokkas
  9 ball pythons
  20 kobolds
  26 rats
133 creatures vanquished.

Notes
Turn   | Place    | Note
-------+----------+-------------------------------------------
     0 | D:1      | Dorkslayer the Human Fighter began the quest for the Orb.
     0 | D:1      | Reached XP level 1. HP: 18/18 MP: 1/1
    94 | D:1      | Reached XP level 2. HP: 24/24 MP: 2/2
   780 | D:2      | Reached XP level 3. HP: 16/29 MP: 3/3
   784 | D:2      | Identified the +0 chain mail of Indemnity {rF+ rN+ Dex+3
                  | Stlth-}
  1275 | D:3      | Reached XP level 4. HP: 26/35 MP: 4/4
  1334 | D:3      | Found a shadowy altar of Dithmenos.
  1484 | D:3      | Reached skill level 1 in Evocations
  1711 | D:3      | Reached skill level 3 in Long Blades
  1801 | D:3      | Reached XP level 5. HP: 31/41 MP: 5/5
  2028 | D:3      | Noticed Grinder
  2038 | D:3      | Killed Grinder
  2039 | D:3      | Reached skill level 4 in Long Blades
  2039 | D:3      | Reached XP level 6. HP: 34/48 MP: 6/6
  2102 | D:3      | Noticed Ijyb
  2119 | D:3      | Killed Ijyb
  2484 | D:4      | Noticed Blork the orc
  2496 | D:4      | Killed Blork the orc
  2497 | D:4      | Reached XP level 7. HP: 53/53 MP: 7/7
  2516 | D:4      | Found a glowing drain.
  2538 | Sewer    | Entered a sewer
  3375 | D:4      | Reached skill level 5 in Long Blades
  3443 | D:4      | Reached skill level 1 in Dodging
  3549 | D:4      | Reached XP level 8. HP: 35/60 MP: 8/8
  3860 | D:4      | Noticed Eustachio
  3867 | D:4      | Killed Eustachio
  3868 | D:4      | Reached skill level 1 in Stealth
  3884 | D:4      | Found a stormy altar of Qazlal.
  3908 | D:4      | Found an ornate altar of the Wu Jian Council.
  4217 | D:5      | Entered Level 5 of the Dungeon
  4292 | D:5      | Reached skill level 6 in Long Blades
  4573 | D:5      | Identified the +0 robe of Demonic Miracles {Rampage}
  4623 | D:5      | HP: 3/61 [poisoned by an orc wizard]
  4631 | D:5      | Killed from afar by an orc priest

Illustrated notes

Levels and vault maps discovered:
D:1:      minmay_arrival_four_houses, layout_basic, minivault_26
D:2:      layout_loops_ring
D:3:      layout_basic, nicolae_dithmenos_the_darkroom, uniq_grinder, uniq_ijyb
D:4:      layout_loops_ring, mainiacjoe_overflow_swirl,
          cheibrodos_sewer_entry_sluice, uniq_blork_the_orc, uniq_eustachio
D:5:      layout_basic, nicolae_ru_path_of_blood, hangedman_decor_lopped

Skill      XL: |  1  2  3  4  5  6  7  8 |
---------------+-------------------------+-----
Evocations     | 1 2 3 4 |  4.0
Long Blades    | 3 4 5 6 |  6.2
Armour         | 4 |  4.9
Fighting       | 4 |  4.6
Dodging        | 1 |  1.4
Shields        | 4 |  4.2
Stealth        | 1 |  1.5
Throwing       | |  0.6

Action                   |  1- 3 |  4- 6 |  7- 9 || total
-------------------------+-------+-------+-------++-------
Melee: Long sword        |    63 |   113 |   365 ||   541
Throw: Boomerang         |       |     4 |    15 ||    19
Evoke: Wand              |       |     5 |    10 ||    15
  Use: Scroll            |     9 |     2 |     5 ||    16
       Potion            |       |     1 |     5 ||     6
 Stab: Paralysed         |       |     5 |    10 ||    15
Armor: Scale mail        |    18 |       |       ||    18
       Chain mail        |    18 |    45 |   297 ||   360
Dodge: Dodged            |    28 |    28 |   144 ||   200
Block: Buckler           |    18 |    28 |   133 ||   179

Table legend: (Time is in decaauts)
 A = Elapsed time spent in this place.
 B = Non-inter-level travel time spent in this place.
 C = Inter-level travel time spent in this place.
 D = Time resting spent in this place.
 E = Time spent auto-exploring this place.
 F = Levels seen in this place.
 G = Mean time per level.
                   A        B        C        D        E       F      G
               +--------+--------+--------+--------+--------+-----+--------+
         Total |   4768 |   4768 |      0 |      0 |   2844 |   6 |  794.7 |
       Dungeon |   3957 |   3957 |      0 |      0 |   2533 |   5 |  791.4 |
         Sewer |    811 |    811 |      0 |      0 |    311 |   1 |  811.0 |
               +--------+--------+--------+--------+--------+-----+--------+

Top non-repeatable levels by time:
     D:3: 1261 daAuts
     D:4: 1001 daAuts
   Sewer: 811 daAuts
     D:2: 751 daAuts
     D:1: 523 daAuts
     D:5: 420 daAuts
